 Dungeon Crawl Stone Soup version 0.29-a0-334-gb41bcbb86e (webtiles) character file.

Game seed: 11809155813803040181

1464 spaghetti the Ducker (level 8, -3/72 HPs)
             Began as a Deep Dwarf Transmuter on Apr 15, 2022.
             Was an Initiate of Yredelemnul.
             Slain by a wyvern (7 damage)
             ... on level 7 of the Dungeon.
             The game lasted 00:15:40 (5920 turns).

spaghetti the Ducker (Deep Dwarf Transmuter)        Turns: 5920, Time: 00:15:40

Health: -3/72      AC:  3    Str: 14    XL:     8   Next: 48%
Magic:  1/10       EV: 14    Int: 16    God:    Yredelemnul [......]
Gold:   151        SH:  0    Dex: 13    Spells: 7/13 levels left

rFire   . . .      SeeInvis .   N - +2 broad axe (elec) {axe}
rCold   . . .      Faith    .   (no shield)
rNeg    + . .      Spirit   .   a - +0 robe
rPois   .          Reflect  .   (helmet currently unavailable)
rElec   .          Harm     .   (no cloak)
rCorr   .          Rampage  .   f - +0 pair of gloves
Will    +....                   (boots currently unavailable)
Stlth   +.........              (no amulet)
HPRegen 0.00/turn               s - ring of positive energy
MPRegen 0.12/turn               (no ring)

@: appendages, wereblooded
A: horns 2, talons 2, damage resistance, heal wounds, sense surroundings 1, no
regeneration
a: Heal Wounds, End Transformation, Renounce Religion, Recall Undead Harvest


You were on level 7 of the Dungeon.
You worshipped Yredelemnul.
Yredelemnul was noncommittal.
You had temporarily grown beastly horns and talons.
You visited 1 branch of the dungeon, and saw 7 of its levels.

You collected 299 gold pieces.
You spent 148 gold pieces at shops.


Innate Abilities, Weirdness & Mutations

You have temporarily grown beastly horns and talons.
You are resistant to damage.
You can heal yourself by infusing magical energy.
You passively map a small area around you.
You do not regenerate.


   Skills:
 * Level 4.0 Fighting
 * Level 4.4 Armour
 * Level 5.2 Dodging
 - Level 2.6 Unarmed Combat
 + Level 3.4 Spellcasting
 * Level 4.5 Necromancy
 - Level 3.0 Transmutations
 + Level 4.4 Invocations


You had 7 spell levels left.
You knew the following spells:

 Your Spells              Type           Power      Damage    Failure   Level
a - Beastly Appendage     Tmut           24%        N/A       5%          1
b - Wereblood             Tmut           12%        N/A       8%          2
c - Vampiric Draining     Necr           17%        2d7       9%          3

Your spell library contained the following spells:

 Spells                   Type           Power      Damage    Failure   Level
 Animate Skeleton         Necr           34%        N/A       2%          1
 Pain                     Necr           68%        1d7       2%          1
 Sublimation of Blood     Necr           17%        N/A       4%          2
 Spider Form              Tmut/Pois      7%         N/A       28%         3
 Call Canine Familiar     Summ           2%         N/A       47%         3
 Portal Projectile        Hex/Tloc       4%         N/A       47%         3
 Ice Form                 Ice/Tmut       7%         N/A       67%         4
 Petrify                  Tmut/Erth      7%         N/A       67%         4
 Leda's Liquefaction      Hex/Erth       1%         N/A       87%         4
 Irradiate                Conj/Tmut      3%         3d14      95%         5

Inventory:

Hand Weapons
 J - a +2 dagger of venom {short}
   (You found it on level 4 of the Dungeon)
 N - a +2 broad axe of electrocution (weapon) {axe}
   (You found it on level 4 of the Dungeon)
Missiles
 e - 146 stones (quivered) {throwing}
 p - 11 poisoned darts {throwing}
 r - a boomerang {throwing}
Armour
 a - a +0 robe (worn)
 f - a +0 pair of gloves (worn)
   (You found it on level 1 of the Dungeon)
 F - a +0 plate armour
   (You found it on level 3 of the Dungeon)
 O - the +2 robe "Sovops" {rN+ rCorr MP-9 Dex+4}
   (You bought it in a shop on level 4 of the Dungeon)

   Dex:       It affects your dexterity (+4).
   rN:        It protects you from negative energy.
   MP:        It affects your magic capacity (-9).
   rCorr:     It protects you from acid and corrosion.
Jewellery
 s - a ring of positive energy (left hand)
   (You found it on level 6 of the Dungeon)
Wands
 q - a wand of paralysis (9)
   (You found it on level 2 of the Dungeon)
 G - a wand of flame (8)
   (You found it on level 3 of the Dungeon)
 K - a wand of acid (12)
   (You found it on level 4 of the Dungeon)
 M - a wand of polymorph (10)
   (You found it on level 4 of the Dungeon)
Scrolls
 c - 2 scrolls of enchant weapon {unknown}
 d - 2 scrolls of amnesia {unknown}
 i - a scroll of fog {unknown}
 j - a scroll of blinking {unknown}
 l - 8 scrolls of identify {unknown}
 m - a scroll of acquirement {unknown}
 n - a scroll of immolation {unknown}
 w - 2 scrolls of teleportation {unknown}
 z - 2 scrolls of noise {unknown}
 C - a scroll of silence {unknown}
 L - a scroll of enchant armour {unknown}
Potions
 b - 2 potions of lignification {!q}
 g - 4 potions of curing {@q1}
 h - a potion of cancellation {unknown}
 k - 5 potions of heal wounds {unknown}
 o - 2 potions of flight {unknown}
 t - 5 potions of degeneration {unknown}
 H - 3 potions of might {unknown}
 I - a potion of berserk rage {unknown}

Dungeon Overview and Level Annotations

Branches:
Dungeon (7/15)
 Temple: D:4-7

Altars:
Yredelemnul

Shops:
D:3 [   D:4 [

Annotations:
D:6 3 runed translucent doors, spaghetti's ghost, novice DsFi

** ≈
≈.##.,
.#., , *
...( ...
.. ≈ #..#
..##.# * *
,..(
*..#..)
#(##....#.
, * *
##(<...#,
, , ,
#.Z....#*
* *
*#.)l...#
, ,
##.@...# ,
,
#.......#
* ,* *
,#.......#
....#...##
,
##...#...c
, ,, , *,
*
#.......##
,
#.......#
** * ##.
#..## , *


You could see a wyvern (poisoned, slow, ally target), a centaur and a friendly
ogre zombie.


Message History

There is an escape hatch in the ceiling here.
Key pressed, stopping explore.
Key pressed, stopping explore.
Spaghetti's ghost turns its malevolent gaze towards you.
(D) Dungeon
Where to? (* - list waypoints, Enter - D:6, ? - help) Spaghetti's ghost screams, "Zot is a myth, the ORB is a fable, you'll soon be a tale!"
You swap places.
Spaghetti's ghost says, "I am invincible!"
You swap places.
You swap places.
There is a stone staircase leading down here.
You climb downwards.
Your mindless puppet stays behind to rot.
There is a stone staircase leading up here.
An ogre is nearby!
Unknown command.
Unknown command.
Casting: Beastly Appendage (safe; 5% risk of failure)
Confirm with . or Enter, or press ? or * to list all spells.
Your blood is infused with primal strength.
The ogre shouts! 😨 MP[-2]
You lost 2 mp, and now have 8/10 mp.
Throw: 4 darts (curare) {=fthrowing}
Press: ? - help, Shift-Dir - straight line, f - ogre
Aim: an ogre, wielding a +0 giant spiked club (73% to hit)
You throw a curare-tipped dart {=fthrowing}.
The curare-tipped dart {=fthrowing} barely misses the ogre.
A wyvern comes into view.
Throw: 3 darts (curare) {=fthrowing}
Press: ? - help, Shift-Dir - straight line, f/p - ogre
Aim: an ogre, wielding a +0 giant spiked club (73% to hit)
You throw a curare-tipped dart {=fthrowing}.
The curare-tipped dart {=fthrowing} hits the ogre.
The ogre is poisoned.
The ogre convulses.
The ogre seems to slow down.
The wyvern hisses angrily.
Throw: 2 darts (curare) {=fthrowing}
Press: ? - help, Shift-Dir - straight line, f - wyvern, p - ogre
Aim: a wyvern (57% to hit)
You throw a curare-tipped dart {=fthrowing}.
The curare-tipped dart {=fthrowing} hits the ogre.
The ogre looks as sick as possible!
The ogre convulses.
The ogre seems to be slow for longer.
Throw: dart (curare) {=fthrowing}
Press: ? - help, Shift-Dir - straight line, f/p - wyvern
Aim: a wyvern (57% to hit)
You throw a curare-tipped dart {=fthrowing}.
The curare-tipped dart {=fthrowing} hits the wyvern.
The wyvern is poisoned.
The wyvern convulses.
The wyvern seems to slow down. 😨 MP[+1]
Casting: Wereblood (safe; 8% risk of failure)
Confirm with . or Enter, or press ? or * to list all spells.
You grow a pair of large bovine horns.
Your feet morph into talons. 😨 MP[-1]
You lost 1 mp, and now have 8/10 mp.
Casting: Beastly Appendage (safe; 5% risk of failure)
Confirm with . or Enter, or press ? or * to list all spells.
You extend your transformation's duration.
The wyvern bites you but does no damage. 😨 MP[-1]
You lost 1 mp, and now have 7/10 mp.
Casting: Beastly Appendage (safe; 5% risk of failure)
Confirm with . or Enter, or press ? or * to list all spells.
Aiming: Vampiric Draining (dangerous; 9% risk of failure)
Press: ? - help, Shift-Dir - straight line, f - ogre, p - wyvern
Aim: an ogre, wielding a +0 giant spiked club (almost dead, very poisoned, slow)
You draw life force from the ogre!
You feel a bit better.
You kill the ogre!
You feel life coursing into your body.
A black mist starts to gather...
You howl as the wereblood boils in your veins!
You hear a shout!
The wyvern bites you!
* * * LOW HITPOINT WARNING * * *
Your Fighting skill increases to level 4! 😨 HP[-3] MP[-3]
You take 3 damage, and now have 25/72 hp.
You lost 3 mp, and now have 4/10 mp.
Casting: Vampiric Draining (dangerous; 9% risk of failure)
Confirm with . or Enter, or press ? or * to list all spells.
Aiming: Vampiric Draining (dangerous; 9% risk of failure)
Press: ? - help, Shift-Dir - straight line, f - wyvern
Aim: a wyvern (moderately wounded, very poisoned, slow, ally target)
You draw life force from the wyvern.
You feel life coursing into your body.
You howl as the wereblood boils in your veins!
The wyvern closely misses you. 😨 HP[+2] MP[-3]
You regained 2 hp, and now have 27/72 hp.
You lost 3 mp, and now have 1/10 mp.
You closely miss the wyvern. You claw the wyvern, but do no damage.
You headbutt the wyvern.
A centaur comes into view.
Your ogre zombie hits the wyvern!
The wyvern bites you!!
* * * LOW HITPOINT WARNING * * *
The centaur wields a +0 shortbow.
The centaur shoots an arrow.
The arrow hits you!
* * * LOW HITPOINT WARNING * * *
The wyvern bites you!
You die...
Your body rises from the dead as a mindless zombie.

Skill      XL: |  1  2  3  4  5  6  7  8 |
---------------+-------------------------+-----
Transmutations | 2 3 |  3.0
Spellcasting   | 2 3 |  3.4
Invocations    | 1 2 3 4 |  4.4
Necromancy     | 1 2 3 4 |  4.5
Fighting       | 1 2 3 4 |  4.0
Armour         | 1 2 3 4 |  4.4
Dodging        | 3 4 5 |  5.2
Unarmed Combat | |  2.6

Action                   |  1- 3 |  4- 6 |  7- 9 || total
-------------------------+-------+-------+-------++-------
Melee: Unarmed           |    75 |     7 |       ||    82
       Kick              |    14 |    18 |    13 ||    45
       Headbutt          |    15 |    12 |     8 ||    35
       Punch             |     4 |       |     1 ||     5
       Dagger            |       |    29 |       ||    29
       Broad axe         |       |    24 |    69 ||    93
Throw: Stone             |    16 |    14 |     6 ||    36
       Dart              |       |     5 |     9 ||    14
 Cast: Beastly Appendage |    19 |    18 |    12 ||    49
       Wereblood         |    20 |    17 |     9 ||    46
       Vampiric Draining |       |       |     2 ||     2
Invok: Recall Undead Har |       |       |     2 ||     2
 Abil: Heal Wounds       |       |       |     3 ||     3
Evoke: Wand              |       |     3 |       ||     3
  Use: Potion            |       |       |     1 ||     1
Armor: Robe              |     8 |    11 |    14 ||    33
Dodge: Dodged            |    37 |    43 |    50 ||   130

Levels and vault maps discovered:
D:1:      eino_arrival_tree_alley, layout_rooms, basic_ecumenical_altar
D:2:      layout_loops_ring
D:3:      layout_basic, serial_shops, shop_fountains,
          chequers_serial_rivers_room_b
D:4:      layout_basic, serial_shops, kennysheep_mini_moat,
          kennysheep_cross_bottleneck
D:5:      layout_basic
D:6:      layout_basic, ebering_ghost_rock_garden, kennysheep_generic_room_11
D:7:      layout_cave_pools, minmay_temple_entry_grid, minmay_misc_feat_tower,
          water_maze_lemuel, uniq_menkaure, uniq_duvessa

Notes
Turn   | Place    | Note
-------+----------+-------------------------------------------
     0 | D:1      | spaghetti the Deep Dwarf Transmuter began the quest for the
                  | Orb.
     0 | D:1      | Reached XP level 1. HP: 16/16 MP: 3/3
     0 | D:1      | magus.rc [v1.9.6]
    13 | D:1      | Reached skill level 2 in Transmutations
    15 | D:1      | Reached skill level 2 in Spellcasting
    20 | D:1      | Found a faded altar of an unknown god.
    45 | D:1      | Prayed at the altar of an unknown god.
    45 | D:1      | Became a worshipper of Yredelemnul the Dark
    45 | D:1      | Reached * piety under Yredelemnul
    60 | D:1      | You pick up a book of the Hunter and begin reading...
    60 | D:1      | You add the spells Call Canine Familiar, Portal Projectile
                  | and Leda's Liquefaction to your library.
    79 | D:1      | Reached XP level 2. HP: 15/24 MP: 5/5
    82 | D:1      | Learned a level 2 spell: Wereblood
   140 | D:1      | Reached skill level 1 in Invocations
   178 | D:1      | You pick up a book of Necromancy and begin reading...
   178 | D:1      | You add the spells Pain, Animate Skeleton and Vampiric
                  | Draining to your library.
   815 | D:2      | You pick up a book of Alchemy and begin reading...
   815 | D:2      | You add the spells Sublimation of Blood, Petrify and
                  | Irradiate to your library.
   850 | D:2      | Reached XP level 3. HP: 30/30 MP: 2/6
  1137 | D:2      | Reached skill level 1 in Necromancy
  1327 | D:2      | Reached skill level 2 in Invocations
  1714 | D:3      | Reached skill level 1 in Fighting
  1904 | D:3      | Found Jyzidecu's Armour Shop.
  2013 | D:3      | Reached XP level 4. HP: 38/38 MP: 3/7
  2935 | D:4      | Reached skill level 1 in Armour
  3142 | D:4      | Reached XP level 5. HP: 44/44 MP: 4/8
  3456 | D:4      | Reached ** piety under Yredelemnul
  3562 | D:4      | Found Cuvuduf's Antique Armour Shop.
  3565 | D:4      | Bought an ancient robe for 148 gold pieces
  3565 | D:4      | Identified the +2 robe "Sovops" {rN+ rCorr MP-9 Dex+4} (You
                  | bought it in a shop on level 4 of the Dungeon)
  3984 | D:4      | Learned a level 3 spell: Vampiric Draining
  4012 | D:5      | Entered Level 5 of the Dungeon
  4020 | D:5      | Noticed a phantom
  4026 | D:5      | Killed a phantom
  4027 | D:5      | Reached skill level 2 in Fighting
  4027 | D:5      | Reached skill level 3 in Dodging
  4099 | D:5      | Reached skill level 2 in Necromancy
  4099 | D:5      | Reached XP level 6. HP: 33/52 MP: 6/10
  4151 | D:5      | Reached skill level 2 in Armour
  4151 | D:5      | Reached skill level 3 in Invocations
  4181 | D:5      | Reached skill level 3 in Transmutations
  4361 | D:5      | Reached XP level 7. HP: 38/61 MP: 8/11
  4878 | D:5      | Reached skill level 3 in Armour
  4878 | D:5      | Reached skill level 4 in Dodging
  4878 | D:5      | Reached skill level 3 in Spellcasting
  4878 | D:5      | Reached skill level 3 in Necromancy
  5063 | D:6      | Reached skill level 3 in Fighting
  5079 | D:6      | Found a runed translucent gate.
  5085 | D:6      | Found a runed translucent gate.
  5085 | D:6      | Found a runed translucent gate.
  5085 | D:6      | Noticed spaghetti's ghost (novice DsFi)
  5136 | D:6      | HP: 15/62 [something (4)]
  5136 | D:6      | HP: 3/62 [something (5)]
  5139 | D:6      | Reached skill level 4 in Invocations
  5139 | D:6      | Reached XP level 8. HP: 21/69 MP: 9/11
  5141 | D:6      | HP: 15/69 [something (2)]
  5213 | D:6      | Reached skill level 4 in Armour
  5213 | D:6      | Reached skill level 4 in Necromancy
  5310 | D:6      | Reached skill level 5 in Dodging
  5919 | D:7      | Reached skill level 4 in Fighting
  5920 | D:7      | HP: 9/72 [wyvern (18)]
  5920 | D:7      | HP: 4/72 [centaur/arrow (5)]
  5920 | D:7      | Slain by a wyvern

Vanquished Creatures
  A water moccasin (D:6)
  A sky beast (D:6)
  3 ogres
  A kobold brigand (D:6)
  2 phantoms
  4 scorpions
  A howler monkey (D:6)
  A jelly (D:6)
  3 hounds (D:5)
  An orc priest (D:4)
  2 iguanas
  An orc wizard (D:5)
  4 adders
  2 shadow imps
  A worm (D:2)
  3 dart slugs
  13 orcs
  3 ball pythons
  3 endoplasms
  3 giant cockroaches
  4 goblins
  5 hobgoblins
  2 kobolds
  A quokka (D:2)
  A bat (D:1)
  4 frilled lizards (D:2)
  5 rats
75 creatures vanquished.

Vanquished Creatures (collateral kills)
  A centaur (D:6)
  A hound (D:5)
  An iguana (D:4)
  An orc wizard (D:6)
  An adder (D:2)
  A dart slug (D:1)
  3 endoplasms (D:1)
  A giant cockroach (D:1)
  A hobgoblin (D:1)
  A quokka (D:1)
  2 ball pythons (D:1)
  A goblin (D:2)
  A kobold (D:1)
16 creatures vanquished.

Vanquished Creatures (others)
  A scorpion zombie (D:6)
  A hound zombie (D:5)
  A howler monkey zombie (D:6)
  A spectral jelly (D:6)
  An adder zombie (D:1)
  A spectral shadow imp (D:6)
  A bat zombie (D:1)
  2 ball python zombies (D:1)
  2 orc zombies
11 creatures vanquished.

Grand Total: 102 creatures vanquished

Table legend:
 A = Non-vault XP
 B = Vault XP
 C = Vault XP percentage of total XP
 D = Non-vault monster count
 E = Vault monster count
 F = Vault count percentage of total count
                 A         B        C        D         E       F
            +---------+---------+-------+---------+---------+-------
      Total |    1946 |     146 |   7.0 |      89 |       2 |   2.2
            +---------+---------+-------+---------+---------+-------
        D:1 |      35 |       0 |   0.0 |      19 |       0 |   0.0
        D:2 |      39 |       0 |   0.0 |      16 |       0 |   0.0
        D:3 |      33 |       0 |   0.0 |      10 |       0 |   0.0
        D:4 |     152 |       0 |   0.0 |      12 |       0 |   0.0
        D:5 |     719 |       0 |   0.0 |      17 |       0 |   0.0
        D:6 |     846 |     146 |  14.7 |      14 |       2 |  12.5
        D:7 |     122 |       0 |   0.0 |       1 |       0 |   0.0
            +---------+---------+-------+---------+---------+-------

Illustrated notes

Table legend:
 A = Kills in this place as a percentage of kills in entire the game.
 B = Kills by you in this place as a percentage of kills by you in the entire game.
 C = Kills by friends in this place as a percentage of kills by friends in the entire game.
 D = Other kills in this place as a percentage of other kills in the entire game.
 E = Experience gained in this place as a percentage of experience gained in the entire game.
 F = Experience gained in this place divided by the number of levels of this place that you have seen.
                   A       B       C       D       E      F
               +-------+-------+-------+-------+-------+----------------------
         Total | 100.0 | 100.0 | 100.0 |   N/A | 100.0 | 298.9
       Dungeon | 100.0 | 100.0 | 100.0 |   N/A | 100.0 | 298.9
               +-------+-------+-------+-------+-------+----------------------

Table legend: (Time is in decaauts)
 A = Elapsed time spent in this place.
 B = Non-inter-level travel time spent in this place.
 C = Inter-level travel time spent in this place.
 D = Time resting spent in this place.
 E = Time spent auto-exploring this place.
 F = Levels seen in this place.
 G = Mean time per level.
                   A        B        C        D        E       F      G
               +--------+--------+--------+--------+--------+-----+--------+
         Total |   6906 |   6300 |    606 |    133 |   5294 |   7 |  986.6 |
       Dungeon |   6906 |   6300 |    606 |    133 |   5294 |   7 |  986.6 |
               +--------+--------+--------+--------+--------+-----+--------+

Top non-repeatable levels by time:
     D:4: 1414 daAuts
     D:2: 1315 daAuts
     D:5: 1148 daAuts
     D:3: 1036 daAuts
     D:6: 1032 daAuts
     D:1: 944 daAuts
     D:7: 12 daAuts
